 Dungeon Crawl Stone Soup version 0.32-a0-898-g7811c86cf0 (webtiles) character file.

Game seed: 67753506640043805

508 Cecky the Chopper (level 6, -2/57 HPs)
             Began as a Mountain Dwarf Fighter on Apr 4, 2024.
             Slain by an unseen horror (6 damage)
             ... on level 1 of the Abyss.
             The game lasted 00:09:41 (3864 turns).

Cecky the Chopper (Mountain Dwarf Fighter)          Turns: 3864, Time: 00:09:42

Health: -2/57      AC:  9    Str: 19    XL:     6   Next: 98%
Magic:  6/6        EV:  8    Int: 10    God:
Gold:   164        SH:  4    Dex:  9    Spells: 5/5 levels left

rFire   . . .        b - +1 whip (elec)
rCold   . . .        c - +0 buckler
rNeg    . . .        r - +0 scale mail
rPois   .            q - +0 helmet
rElec   .            (no cloak)
rCorr   .            (no gloves)
SInv    .            i - +0 pair of boots
Will    .....        (no amulet) Stlth
                     (no ring)
HPRegen 0.29/turn    (no ring)
MPRegen 0.10/turn

%: no passive effects
@: no status effects
A: runic magic, artefact enchanting
a: no special abilities


You were on level 1 of the Abyss.
You visited 1 branch of the dungeon, and saw 4 of its levels.
You visited the Abyss 1 time.

You collected 164 gold pieces.

Inventory:

Hand Weapons
 a - a +0 war axe
 b - a +1 whip of electrocution (weapon)
Missiles
 m - a throwing net (quivered)
Armour
 c - a +0 buckler (worn)
 i - a +0 pair of boots (worn)
 q - a +0 helmet (worn)
 r - a +0 scale mail (worn)
Magical Staves
 h - a staff of earth
Wands
 l - a wand of iceblast (12)
Scrolls
 d - a scroll of enchant armour {unknown}
Potions
 e - 2 potions of mutation {unknown}
 f - 2 potions of heal wounds
 g - 2 potions of lignification {unknown}
 j - 3 potions of haste {unknown}
 k - 3 potions of curing {unknown}
 p - a potion of might
 s - a potion of attraction {unknown}
 t - a potion of invisibility {unknown}


   Skills:
 + Level 5.7 Fighting
 + Level 7.5 Axes
 - Level 3.2 Armour
 - Level 3.3 Shields


You had 5 spell levels left.
You didn't know any spells.
Your spell library contained the following spells:

 Spells                   Type           Power      Damage    Failure   Level
 Magic Dart               Conj           0%         1d3       52%         1
 Necrotise                Necr           0%         1d4       52%         1
 Blink                    Tloc           0%         N/A       67%         2
 Call Imp                 Summ           0%         N/A       67%         2
 Dazzling Flash           Conj/Hex       0%         N/A       88%         3
 Hailstorm                Conj/Ice       0%         3d5       88%         3
 Mephitic Cloud           Conj/Alch/Air  0%         N/A       88%         3
 Summon Ice Beast         Ice/Summ       0%         N/A       88%         3
 Vampiric Draining        Necr           0%         2d6       88%         3
 Martyr's Knell           Necr/Summ      0%         N/A       99%         4
 Curse of Agony           Necr           0%         N/A       100%        5
 Silence                  Hex/Air        0%         N/A       100%        5
 Permafrost Eruption      Ice/Erth       0%         2x4d1     100%        6
 Sculpt Simulacrum        Ice/Alch       0%         N/A       100%        6
 Starburst                Conj/Fire      0%         6d3       100%        6
 Maxwell's Capacitive Co  Air            0%         ∞         100%        8


Dungeon Overview and Level Annotations

Branches:
Dungeon (4/15)
 Temple: D:4-7

Altars:
Cheibriados
Hepliaklqana
Nemelex Xobeh
Qazlal
Sif Muna
Trog
Uskayaw

Annotations:
D:2 1 runed translucent door, Crazy Yiuf


Innate Abilities, Weirdness & Mutations

Your spellcasting is much less encumbered by armour.
You can use scrolls of enchantment on lesser artefacts.


Message History

You start resting.
HP restored.
Deactivating autopickup; reactivate with Ctrl-A.
You hit something. Something hits you but does no damage.
Something hits you but does no damage. Something hits you.
The large abomination attacks as it pursues you!
The large abomination hits you but does no damage.
Something hits you but does no damage.
The large abomination attacks as it pursues you!
The large abomination hits you!!
A weeping skull comes into view.
The weeping skull gives a chilling moan.
You hear a howl!
Something hits you but does no damage. Something hits you!
The weeping skull releases gushing sobs.
The wave of grief passes through you.
The weeping skull's misery bubbles over.
The wave of grief passes through something.
The wave of grief passes through you. Something hits you. Something hits you.
Something hits you but does no damage. Something hits you but does no damage.
Something hits you but does no damage. Something hits you.
* * * LOW HITPOINT WARNING * * *
Something hits you but does no damage.
A thrashing horror comes into view.
The thrashing horror roars!
You hear a bark!
Something hits you!
* * * LOW HITPOINT WARNING * * *
Something hits you!
* * * LOW HITPOINT WARNING * * *
The weeping skull unleashes gushing sobs.
The wave of grief passes through the large abomination.
The large abomination completely resists.
The wave of grief passes through something.
The wave of grief passes through you. Something hits you.
You die...

.. ##...## #.
.....# .##..
.... ....# ##..#
##. #...##...###
....
#.....#....#.°○#
#....#......#°#
#.@.☼☼X○☼z.#
#...X#####...#.#
#.#.# .#.# #.#..
## # ##


You could see a thrashing horror, a large abomination and a weeping skull.

Vanquished Creatures
  2 scorpions (D:4)
  A bombardier beetle (D:4)
  A hound (D:4)
  An orc priest (D:2)
  Ijyb (D:4)
  An iguana (D:4)
  Terence (D:2)
  An orc wizard (D:4)
  Natasha (D:4)
  4 gnolls (D:2)
  2 adders
  2 dart slugs
  A ribbon worm (D:3)
  14 orcs
  7 ball pythons
  6 endoplasms
  2 giant cockroaches
  9 goblins
  9 hobgoblins
  8 jackals (D:2)
  5 kobolds
  A quokka (D:2)
  5 bats
  4 frilled lizards
  3 rats
92 creatures vanquished.

Notes
Turn   | Place    | Note
-------+----------+-------------------------------------------
     0 | D:1      | Cecky the Mountain Dwarf Fighter began the quest for the
                  | Orb.
     0 | D:1      | Reached XP level 1. HP: 19/19 MP: 1/1
   352 | D:1      | Reached XP level 2. HP: 27/27 MP: 2/2
   633 | D:1      | Reached skill level 3 in Axes
   867 | D:2      | Noticed Terence
   894 | D:2      | Killed Terence
   895 | D:2      | Reached XP level 3. HP: 24/33 MP: 3/3
  1102 | D:2      | Found a sparkling altar of Nemelex Xobeh.
  1147 | D:2      | Found a runed translucent door.
  1148 | D:2      | Noticed Crazy Yiuf
  1172 | D:2      | Reached skill level 4 in Axes
  1259 | D:2      | Reached XP level 4. HP: 35/41 MP: 4/4
  1526 | D:2      | Reached skill level 5 in Axes
  1642 | D:2      | Reached XP level 5. HP: 45/47 MP: 5/5
  2701 | D:4      | Reached skill level 5 in Fighting
  2701 | D:4      | Reached skill level 6 in Axes
  2764 | D:4      | Reached XP level 6. HP: 36/56 MP: 6/6
  2963 | D:4      | Noticed Natasha
  2981 | D:4      | Killed Natasha
  3174 | D:4      | Found a shimmering blue altar of Sif Muna.
  3180 | D:4      | Found a bloodstained altar of Trog.
  3230 | D:4      | Reached skill level 7 in Axes
  3258 | D:4      | Found a hazy altar of Hepliaklqana.
  3258 | D:4      | Found a hide-covered altar of Uskayaw.
  3259 | D:4      | Found a snail-covered altar of Cheibriados.
  3289 | D:4      | Found a sparkling altar of Nemelex Xobeh.
  3298 | D:4      | Found a stormy altar of Qazlal.
  3678 | D:4      | Noticed Ijyb
  3700 | D:4      | Killed Ijyb
  3738 | Abyss:1  | Cast into level 1 of the Abyss (orc)
  3836 | Abyss:1  | Noticed a large abomination
  3864 | Abyss:1  | Noticed a thrashing horror
  3864 | Abyss:1  | Slain by an unseen horror

Illustrated notes

Levels and vault maps discovered:
D:1:      dpeg_arrival_pits, layout_loops_ring, minivault_24, minivault_11,
          minmay_misc_feat_four_crosses
D:2:      layout_loops_corners, basic_altar, uniq_terence,
          uniq_crazy_yiuf_cottage
D:3:      layout_basic
D:4:      layout_loops_ring, hellmonk_overflow_destroyed_library,
          nicolae_qazlal_general_emergency, nicolae_overflow_quartered_altars,
          chequers_garden, uniq_ijyb, uniq_natasha
Abyss:1:  base:
D:4

Skill      XL: |  1  2  3  4  5  6 |
---------------+-------------------+-----
Axes           | 3 4 5 6 7 |  7.5
Fighting       | 4 5 |  5.7
Armour         | |  3.2
Shields        | |  3.3

Action                     |  1- 3 |  4- 6 || total
---------------------------+-------+-------++-------
  Melee: War axe           |   118 |    77 ||   195
         Whip              |       |   155 ||   155
  Throw: Throwing net      |       |     1 ||     1
    Use: Potion            |     2 |     1 ||     3
         Scroll            |       |     4 ||     4
 Armour: Scale mail        |   105 |   178 ||   283
  Dodge: Dodged            |    45 |    59 ||   104
  Block: Buckler           |    26 |    27 ||    53

Table legend: (Time is in decaauts)
 A = Elapsed time spent in this place.
 B = Non-inter-level travel time spent in this place.
 C = Inter-level travel time spent in this place.
 D = Time resting spent in this place.
 E = Time spent auto-exploring this place.
 F = Levels seen in this place.
 G = Mean time per level.
                   A        B        C        D        E       F      G
               +--------+--------+--------+--------+--------+-----+--------+
         Total |   3918 |   3799 |    119 |    499 |   2345 |   5 |  783.6 |
       Dungeon |   3792 |   3673 |    119 |    420 |   2345 |   4 |  948.0 |
         Abyss |    125 |    125 |      0 |     79 |      0 |   1 |  125.0 |
               +--------+--------+--------+--------+--------+-----+--------+

Top non-repeatable levels by time:
     D:2: 1140 daAuts
     D:4: 1009 daAuts
     D:1: 823 daAuts
     D:3: 818 daAuts
 Abyss:1: 125 daAuts
